AoeStats
← mizacory

Nomad

510360900Analyzed
2v2 RM · 2d ago on Sep 30, 2026· 56m 23s· 4 players
Game mode
Random Map
Map size
176×176
Population
200
Speed
Normal
Resources
Standard
Victory
Conquest
Starting age
Dark Age
Ending age
Imperial Age
RankedLock teamsTeams togetherTeam positionsShared explorationLock speedFull tech treeHidden civsTurbo modeCheats
Victory
Defeat
🇦🇷 Koreans · Argentina
1063
+12
🇦🇷 Ethiopians · Argentina
1014
+15
🇪🇸 Vikings · Spain
992
-14
🇲🇽 Huns · Mexico
967
-13
mizacory
13:23 Feudal Age
18:27 Castle Age
17:40 Double-Bit Axe
19:57 Fishing Lines
20:28 Gillnets
21:02 Bow Saw
22:00 Medium Warships
23:46 Loom
27:21 Stone Mining
27:21 Gold Mining
27:27 Gold Mining
28:41 Pikeman
31:54 Elite Skirmisher
32:42 Thumb Ring
32:30 Fletching
32:41 Padded Archer Armor
34:36 Ballistics
34:41 Bloodlines
34:32 Husbandry
37:36 Squires
39:06 Bloodlines
43:24 Imperial Age
45:04 Chemistry
44:37 Capped Ram
45:30 Murder Holes
45:28 Halberdier
Trajan
5:16 Loom
16:46 Feudal Age
17:28 Double-Bit Axe
17:33 Town Watch
18:59 Man-at-Arms
20:31 Horse Collar
23:13 Fletching
23:36 Gold Mining
33:11 Castle Age
KUKA TIRA PIEDRA
11:50 Loom
14:50 Feudal Age
15:19 Double-Bit Axe
15:28 Fishing Lines
25:02 Castle Age
25:13 Fletching
25:15 Crossbowman
26:15 Bow Saw
27:27 Thumb Ring
32:15 Bodkin Arrow
33:44 Wheelbarrow
33:08 Gold Mining
34:45 Wheelbarrow
38:20 Forging
38:31 Light Cavalry
39:11 Husbandry
42:08 Imperial Age
39:47 Light Cavalry
40:50 Stone Mining
41:37 Forging
43:15 Conscription
43:58 Arbalester
47:59 Scale Barding Armor
54:04 Gold Shaft Mining
54:36 Ballistics
54:28 Bracer
57:16 Chemistry
Patovich
14:38 Feudal Age
19:51 Fishing Lines
21:41 Fletching
29:39 Castle Age
30:50 Double-Bit Axe
31:55 Ballistics
34:17 Crossbowman
35:03 Thumb Ring
37:07 Loom
46:01 Imperial Age
43:38 Bodkin Arrow
46:59 Bow Saw
50:09 Arbalester
Connection lost

Rejoining the realm…

Still unreachable

The connection could not be restored.

Session expired

The server has moved on; the page needs a fresh start.